 Dungeon Crawl Stone Soup version 0.29.1-2-gbd0b4ee654 (webtiles) character file.

Game seed: 2716593169372395191

716 Zeld the Conjurer (level 7, -2/46 HPs)
             Began as a Demonspawn Conjurer on Oct 28, 2022.
             Shot with an arrow by a centaur (11 damage)
             ... on level 5 of the Dungeon.
             The game lasted 00:07:21 (5657 turns).

Zeld the Conjurer (Demonspawn Conjurer)             Turns: 5657, Time: 00:07:22

Health: -2/46      AC:  4    Str:  4    XL:     7   Next: 41%
Magic:  8/14       EV: 13    Int: 21    God:
Gold:   199        SH:  0    Dex: 15    Spells: 2/16 levels left

rFire   . . .      SeeInvis .   p - +6 short sword of Peepnop {freeze, Will++ Str-3 Dex+3}
rCold   . . .      Faith    .   (no shield)
rNeg    . . .      Spirit   .   a - +0 robe
rPois   .          Reflect  .   o - +0 helmet
rElec   .          Harm     .   m - +0 cloak
rCorr   .          Rampage  .   (no gloves)
Will    +++..                   (no boots)
Stlth   +++.......              (no amulet)
HPRegen 0.15/turn               v - ring of willpower
MPRegen 0.14/turn               (no ring)

@: no status effects
A: demonic guardian 1, demonic magic 2, weakness stinger 2
a: no special abilities


You were on level 5 of the Dungeon.
You visited 1 branch of the dungeon, and saw 5 of its levels.

You collected 199 gold pieces.

Inventory:

Hand Weapons
 p - the +6 short sword of Peepnop (weapon) {freeze, Will++ Str-3 Dex+3}
   (You found it on level 3 of the Dungeon)

   It freezes those it strikes, dealing additional cold damage.
   It can also slow down cold-blooded creatures.
   Str:       It affects your strength (-3).
   Dex:       It affects your dexterity (+3).
   Will:      It greatly increases your willpower.
Armour
 a - a +0 robe (worn)
 m - a +0 cloak (worn)
 o - a +0 helmet (worn)
Jewellery
 v - a ring of willpower (left hand)
Wands
 j - a wand of quicksilver (13)
 t - a wand of mindburst (12)
Scrolls
 e - a scroll of teleportation {unknown}
 g - 2 scrolls of enchant armour {unknown}
 h - 2 scrolls of fear {unknown}
 i - 2 scrolls of enchant weapon {unknown}
 l - 5 scrolls of identify {unknown}
 q - a scroll of torment {unknown}
 s - a scroll of poison {unknown}
 w - a scroll of noise {unknown}
Potions
 b - a potion of magic
 c - a potion of cancellation {unknown}
 d - 2 potions of curing
 f - a potion of flight {unknown}
 k - 2 potions of heal wounds {unknown}
 n - a potion of might {unknown}
 r - a potion of resistance {unknown}
 u - 2 potions of haste {unknown}


   Skills:
 + Level 3.7 Dodging
 + Level 3.9 Stealth
 * Level 5.1 Spellcasting
 + Level 5.4 Conjurations


You had 2 spell levels left.
You knew the following spells:

 Your Spells              Type           Power      Damage    Failure   Level
a - Magic Dart            Conj           100%       1d8       1%          1
b - Searing Ray           Conj           56%        2d6       1%          2
c - Fulminant Prism       Conj/Hex       8%         3d7       34%         4
d - Iskenderun's Mystic   Conj/Tloc      16%        2d5       34%         4
m - Dazzling Flash        Conj/Hex       32%        N/A       11%         3

Your spell library contained the following spells:

 Spells                   Type           Power      Damage    Failure   Level
 Foxfire                  Conj/Fire      64%        2x1d7     3%          1
 Ensorcelled Hibernation  Hex/Ice        10%        N/A       16%         2
 Conjure Flame            Conj/Fire      16%        6-21      11%         3
 Inner Flame              Hex/Fire       5%         N/A       32%         3
 Ozocubu's Armour         Ice            5%         N/A       32%         3
 Spider Form              Tmut/Pois      5%         N/A       32%         3
 Flame Wave               Conj/Fire      16%        2d7       34%         4
 Anguish                  Hex/Necr       2%         N/A       71%         4
 Cause Fear               Hex            2%         N/A       71%         4
 Metabolic Englaciation   Hex/Ice        2%         N/A       96%         5
 Simulacrum               Ice/Necr       2%         N/A       100%        6
 Dragon Form              Tmut           2%         N/A       100%        7
 Ozocubu's Refrigeration  Ice            2%         4d8       100%        7
 Dragon's Call            Summ           2%         N/A       100%        9


Dungeon Overview and Level Annotations

Branches:
Dungeon (5/15)
 Temple: D:4-7

Altars:

Shops:
D:1 :


Innate Abilities, Weirdness & Mutations

A weak demonic guardian rushes to your aid.
Spells you cast may paralyse nearby enemies.
You have a tail ending in a sharp stinger.


Message History

The centaur is no longer paralysed.
The phantom hits you but does no damage.
The centaur hits your shadow imp but does no damage.
The centaur kicks your shadow imp.
Your shadow imp hits the centaur.
There is a stone staircase leading up here.
The centaur closely misses your shadow imp.
The centaur kicks your shadow imp but does no damage.
The phantom hits you.
* * * LOW HITPOINT WARNING * * *
The phantom blinks!
You blink.
You stop ascending the stairs.
The centaur hits your shadow imp. The centaur kicks your shadow imp.
Your shadow imp closely misses the centaur.
Unknown command.
Okay, then.
It was a potion of curing.
You feel better. The phantom barely misses you.
The centaur hits your shadow imp.
The centaur closely misses your shadow imp.
Your shadow imp gestures at the centaur.
The centaur writhes in agony.
Unknown command.
The centaur barely misses your shadow imp.
The centaur kicks your shadow imp but does no damage.
The phantom hits you.
* * * LOW HITPOINT WARNING * * *
The phantom blinks!
You blink.
The centaur hits your shadow imp.
The centaur closely misses your shadow imp.
Your shadow imp hits the centaur.
Your magical contamination has completely faded away.
The phantom attacks as you move away! The phantom closely misses you.
The centaur hits your shadow imp. The centaur kicks your shadow imp.
Your shadow imp dies!
Your shadow imp disappears in a puff of smoke!
You feel better.
The centaur wields a +0 shortbow.
The centaur shoots an arrow.
The arrow closely misses you. The phantom barely misses you.
The centaur shoots an arrow.
The arrow hits you!
* * * LOW HITPOINT WARNING * * *
Unknown command.
You feel better. The phantom barely misses you.
The centaur shoots an arrow.
The arrow hits you!
You die...

........# ........# #.# ###
#.###.# #.#...## ##c....<#
##.......# #........# ..
#....W@.## ...
##......######... ###
###.PP~~~.PP~..
#.#######...~~♣~~PPPP~.
##...##.....P.~~~♣≈♣♣~PP
#...........#PPP.P~♣≈≈~P
##.......#####.##.P~P~≈≈♣~P~~..
#.......## ##...#.PP♣≈♣~~P~..
#.......# #.....PPPP♣♣≈~~P#


You could see a phantom and a centaur.

Vanquished Creatures
  Prince Ribbit (D:5)
  Sigmund (D:2)
  An ogre (D:4)
  A necrophage (D:4)
  An iguana (D:5)
  Robin (D:1)
  2 gnolls (D:5)
  4 adders
  4 dart slugs
  16 orcs
  4 bats
  8 endoplasms
  4 giant cockroaches
  17 goblins
  8 hobgoblins
  8 jackals
  5 kobolds
  2 quokkas
  10 ball pythons
  3 frilled lizards
  3 rats
104 creatures vanquished.

Vanquished Creatures (collateral kills)
  A gnoll (D:5)
1 creature vanquished.

Vanquished Creatures (others)
  9 plants
9 creatures vanquished.

Grand Total: 114 creatures vanquished

Notes
Turn   | Place    | Note
-------+----------+-------------------------------------------
     0 | D:1      | Zeld the Demonspawn Conjurer began the quest for the Orb.
     0 | D:1      | Reached XP level 1. HP: 13/13 MP: 3/3
   152 | D:1      | Gained mutation: You have a small tail. [demonic ancestry]
   152 | D:1      | Reached XP level 2. HP: 17/19 MP: 1/5
   331 | D:1      | Found a faded altar of an unknown god.
   637 | D:1      | Found Paor's Book Emporium.
   967 | D:1      | Gained mutation: Spells you cast may paralyse adjacent
                  | enemies. [demonic ancestry]
   967 | D:1      | Reached XP level 3. HP: 24/24 MP: 4/6
   970 | D:1      | Learned a level 2 spell: Searing Ray
  1883 | D:2      | Noticed Robin
  1901 | D:2      | Noticed Sigmund
  2110 | D:1      | Gained mutation: You have a tail ending in a sharp stinger.
                  | [demonic ancestry]
  2110 | D:1      | Reached XP level 4. HP: 26/30 MP: 0/8
  2435 | D:1      | Killed Robin
  2704 | D:2      | Killed Sigmund
  2705 | D:2      | Gained mutation: A weak demonic guardian rushes to your
                  | aid. [demonic ancestry]
  2705 | D:2      | Reached XP level 5. HP: 10/35 MP: 1/10
  3276 | D:3      | Learned a level 4 spell: Fulminant Prism
  3281 | D:3      | Learned a level 4 spell: Iskenderun's Mystic Blast
  3328 | D:3      | Identified the +6 short sword of Peepnop {freeze, Will++
                  | Str-3 Dex+3}
  3499 | D:3      | Gained mutation: Spells you cast may paralyse nearby
                  | enemies. [demonic ancestry]
  3499 | D:3      | Reached XP level 6. HP: 41/41 MP: 5/12
  4240 | D:4      | Reached skill level 5 in Conjurations
  4844 | D:5      | Entered Level 5 of the Dungeon
  4847 | D:5      | Noticed Prince Ribbit
  4861 | D:5      | Killed Prince Ribbit
  4862 | D:5      | Reached XP level 7. HP: 46/46 MP: 4/14
  4966 | D:5      | Reached skill level 5 in Spellcasting
  5258 | D:5      | Learned a level 3 spell: Dazzling Flash
  5656 | D:5      | HP: 2/46 [centaur/arrow (13)]
  5657 | D:5      | Shot with an arrow by a centaur

Illustrated notes

Levels and vault maps discovered:
D:1:      minmay_arrival_diagonal_passages, layout_loops_cross, serial_shops,
          nicolae_shop_behind_doors, ebering_ecumenical_altar_rust,
          serial_bayou_pond_a, minmay_tetromino_t2
D:2:      layout_rooms, serial_forest, infiniplex_forest_clump_double,
          infiniplex_forest_clump_double, infiniplex_forest_pool,
          infiniplex_forest_end_3, infiniplex_forest_straight_1,
          infiniplex_forest_end_2, infiniplex_forest_straight_4,
          infiniplex_forest_lined_2, uniq_robin, uniq_sigmund
D:3:      layout_loops_ring
D:4:      layout_basic, skrybe_limestone_x
D:5:      layout_cave_pods, serial_bayou_lagoon_a, uniq_crazy_yiuf_cottage,
          uniq_ijyb, uniq_prince_ribbit1, uniq_menkaure

Skill      XL: |  1  2  3  4  5  6  7 |
---------------+----------------------+-----
Stealth        | 2 3 |  3.9
Dodging        | 2 3 |  3.7
Spellcasting   | 3 4 5 |  5.1
Conjurations   | 5 |  5.4

Action                   |  1- 3 |  4- 6 |  7- 9 || total
-------------------------+-------+-------+-------++-------
Melee: Unarmed           |    26 |       |       ||    26
       Tailslap          |     7 |       |     1 ||     8
       Short sword       |       |       |     4 ||     4
 Cast: Magic Dart        |    69 |    88 |    14 ||   171
       Searing Ray       |     3 |     9 |    11 ||    23
       Iskenderun's Myst |       |       |     1 ||     1
  Use: Potion            |       |       |     3 ||     3
 Stab: Paralysed         |       |       |     1 ||     1
Armor: Robe              |    11 |     1 |     3 ||    15
Dodge: Dodged            |    47 |     7 |    15 ||    69
